 Dungeon Crawl Stone Soup version 0.24.0-124-g2791043dd8 (webtiles) character file.

Game seed: 14467698863669700595, levelgen mode: deterministic

149 Peloso the Shield-Bearer (level 5, 46/46 HPs)
             Began as a Minotaur Fighter on Feb 14, 2020.
             Got out of the dungeon alive.
             The game lasted 00:03:08 (1476 turns).

Peloso the Shield-Bearer (Minotaur Fighter)         Turns: 1476, Time: 00:03:09

Health: 46/46      AC: 10    Str: 21    XL:     5   Next: 9%
Magic:  4/4        EV:  7    Int:  5    God:
Gold:   86         SH: 11    Dex: 10    Spells: 4/4 levels left

rFire    . . .     SeeInvis .   a - +0 long sword
rCold    . . .     Gourm    .   c - +1 shield
rNeg     . . .     Faith    .   b - +0 scale mail
rPois    .         Spirit   .   i - +1 hat
rElec    .         Reflect  .   (no cloak)
rCorr    .         Harm     .   (no gloves)
MR       .....     Rnd*Tele +   (no boots)
Stlth    ..........             (no amulet)
HPRegen  0.15/turn              k - ring of teleportation (curse)
MPRegen  0.09/turn              (no ring)

@: no status effects
A: retaliatory headbutt, hooves 1, horns 2, molten scales 1
a: no special abilities


You escaped.
You were hungry.

You visited 1 branch of the dungeon, and saw 2 of its levels.

You collected 86 gold pieces.

Inventory:

Hand Weapons
 a - a +0 long sword (weapon)
 h - a +1 vampiric spear
Armour
 b - a +0 scale mail (worn)
 c - a +1 shield (worn)
 i - a +1 hat (worn)
Jewellery
 k - a cursed ring of teleportation (left hand)
Scrolls
 e - 3 scrolls of identify
 g - a scroll of fear
Potions
 d - a potion of might
Comestibles
 f - 4 rations


   Skills:
 + Level 4.2 Fighting
 + Level 3.7 Long Blades
 + Level 4.8 Armour
 + Level 5.0 Shields


You had 4 spell levels left.
You didn't know any spells.
Your spell library was empty.

Dungeon Overview and Level Annotations

Branches:
Dungeon (2/15)

Altars:


Innate Abilities, Weirdness & Mutations

You reflexively headbutt those who attack you in melee.
You have a pair of horns on your head.
You have large cloven feet.
You are partially covered in molten scales. (AC +2)


Message History

There is an escape hatch in the floor here.
j - a murky amethyst potion It was a potion of mutation.
You feel extremely strange.
Your feet thicken and deform.
Molten scales grow over part of your body.
(D) Dungeon
Where to? (Enter - D:12, ? - help)
What level of the Dungeon? (default 1, ? - help)
There is an escape hatch in the floor here.
You see here a dart slug corpse.
There is a stone staircase leading up here.
You climb upwards.
There is a stone staircase leading down here.
There is an open door here.
There is an open door here.
There is a staircase leading out of the dungeon here.
Are you sure you want to leave the Dungeon?
This will make you lose the game!
Alright, then stay!
Are you sure you want to leave the Dungeon?
This will make you lose the game!
You have escaped!

...#....########.########.......#
####...## ###.......### ##...#+##
..##..## ##...........## ##......
..##..# ##....#####....## #......
..##..# #...#########...# #......
..##.####..##.......##..####.....
####.# #...#..≈≈.§≈..#...# #.....
.# #.# #..##.≈≈..§§≈.##..# #.....
.# #.# #..##.§§.@§≈§.##..# #.....
.# #.# #..##§≈≈.§.≈§.##..# #.....
.# #.# #...#.§≈≈≈≈§..#...# #.....
.# #.####..##...§§..##..####.#+#.
.# #..# #...####.####...# #....#.
## #..# ##....##'##....## #....#.
# #..## ##...........## ##..#.#.
# #...## ###.......### ##.....#.
# #....#################......#.


There were no monsters in sight!

Vanquished Creatures
  Terence (D:2)
  Natasha (thrice) (D:2)
  An adder (D:2)
  2 worms (D:2)
  A dart slug (D:2)
  2 ball pythons
  5 bats (D:1)
  A giant cockroach (D:2)
  4 goblins
  5 hobgoblins
  9 kobolds
  A quokka (D:2)
  3 rats
38 creatures vanquished.

Notes
Turn   | Place    | Note
-------+----------+-------------------------------------------
     0 | D:1      | Peloso the Minotaur Fighter began the quest for the Orb.
     0 | D:1      | Reached XP level 1. HP: 19/19 MP: 0/0
   215 | D:1      | Reached XP level 2. HP: 24/27 MP: 1/1
   585 | D:1      | Reached skill level 4 in Shields
   888 | D:2      | Noticed Natasha
   896 | D:2      | Killed Natasha
   896 | D:2      | Reached XP level 3. HP: 27/33 MP: 2/2
   939 | D:2      | Noticed Terence
   952 | D:2      | Killed Terence
   952 | D:2      | Reached XP level 4. HP: 28/40 MP: 3/3
  1049 | D:2      | Noticed Natasha
  1064 | D:2      | Killed Natasha
  1079 | D:2      | Reached skill level 5 in Shields
  1339 | D:2      | Noticed Natasha
  1346 | D:2      | Killed Natasha
  1346 | D:2      | Reached XP level 5. HP: 46/46 MP: 4/4
  1376 | D:2      | Gained mutation: You have large cloven feet. [potion of
                  | mutation]
  1376 | D:2      | Gained mutation: You are partially covered in molten
                  | scales. (AC +2) [potion of mutation]
  1476 | D:$      | Got out of the dungeon alive.

Levels and vault maps discovered:
D:1:      dpeg_arrival_concentric_ovals, layout_basic, serial_forest,
          infiniplex_forest_end_1, infiniplex_forest_zigzag_2,
          infiniplex_forest_clump_small, infiniplex_forest_clump_curved,
          infiniplex_forest_end_2, infiniplex_forest_straight_3,
          infiniplex_forest_lined_corner, minmay_hexomino_c4
D:2:      layout_loops_ring, uniq_terence, uniq_natasha

Skill      XL: |  1  2  3  4 |
---------------+-------------+-----
Shields        | 4 5 |  5.0
Armour         | 4 |  4.8
Fighting       | 4 |  4.2
Long Blades    | 3 |  3.7

Action                   |  1- 3 |  4- 6 || total
-------------------------+-------+-------++-------
Melee: Long sword        |    55 |    38 ||    93
       Headbutt          |     8 |     7 ||    15
  Use: Potion            |     2 |     1 ||     3
       Scroll            |       |     3 ||     3
  Eat: Chunk             |       |     1 ||     1
Armor: Scale mail        |    25 |    11 ||    36
Dodge: Dodged            |    18 |    10 ||    28
Block: Shield            |    28 |    18 ||    46
       Rpst.: Long sword |     6 |     3 ||     9
